 Dungeon Crawl Stone Soup version 0.24.0-125-gc4c63601f3 (webtiles) character file.

Game seed: 12652936678566206044, levelgen mode: deterministic

819 Frank2 the Cudgeler (level 7, -5/53 HPs)
             Began as a Demonspawn Gladiator on Mar 5, 2020.
             Killed by nerve-wracking pain
             ... invoked by an orc priest
              (9 damage)
             ... on level 4 of the Dungeon.
             The game lasted 00:04:25 (2921 turns).

Frank2 the Cudgeler (Demonspawn Gladiator)          Turns: 2921, Time: 00:04:25

Health: -5/53      AC:  7    Str: 14      XL:     7   Next: 63%
Magic:  0/7        EV: 12    Int: 10      God:
Gold:   217        SH:  0    Dex: 14 (16) Spells: 6/6 levels left

rFire    . . .     SeeInvis .   a - +0 flail
rCold    . . .     Gourm    .   (no shield)
rNeg     . . .     Faith    .   g - +0 ring mail
rPois    .         Spirit   +   c - +0 helmet
rElec    .         Reflect  .   v - +0 cloak
rCorr    .         Harm     .   (no gloves)
MR       .....                  (no boots)
Stlth    +.........             (no amulet)
HPRegen  0.17/turn              (no ring)
MPRegen  0.10/turn              (no ring)

@: no status effects
A: talons 2, magic shield, rot immunity
a: no special abilities


You were on level 4 of the Dungeon.
You were not hungry.

You visited 1 branch of the dungeon, and saw 4 of its levels.

You collected 217 gold pieces.

Inventory:

Hand Weapons
 a - a +0 flail (weapon)
Missiles
 d - 2 throwing nets (quivered)
Armour
 c - a +0 helmet (worn)
 g - a +0 ring mail (worn)
 j - a +1 hat
 v - a +0 cloak (worn)
Jewellery
 s - an uncursed ring of poison resistance {unknown}
Wands
 r - a wand of flame (12)
 y - a wand of random effects (16)
Scrolls
 e - 4 scrolls of teleportation
 h - 4 scrolls of remove curse
 i - 4 scrolls of identify
 l - a scroll of fog {unknown}
 m - a scroll of enchant weapon {unknown}
 o - a scroll of amnesia
 t - 3 scrolls of random uselessness {unknown}
 w - 3 scrolls of enchant armour {unknown}
Potions
 b - 2 potions of degeneration
 k - a potion of haste {unknown}
 n - 3 potions of magic {unknown}
 p - a potion of agility {unknown}
 q - a potion of brilliance {unknown}
 u - 2 potions of flight {unknown}
 x - a potion of might {unknown}
Comestibles
 f - 8 rations


   Skills:
 + Level 3.8 Fighting
 + Level 6.0 Maces & Flails
 - Level 1.9 Throwing
 + Level 2.9 Armour
 + Level 4.3 Dodging


You had 6 spell levels left.
You didn't know any spells.
Your spell library was empty.

Dungeon Overview and Level Annotations

Branches:
Dungeon (4/15)
 Temple: D:4-7

Altars:
Gozag


Innate Abilities, Weirdness & Mutations

You have razor-sharp toenails.
When hurt, damage is shared between your health and your magic reserves.
You are immune to rotting.


Message History

The orc priest barely misses you.
You hit the orc priest but do no damage.
Your kick misses the orc priest. The orc priest barely misses you.
You hit the orc priest but do no damage.
The orc priest looks braver for a moment.
You hit the orc priest but do no damage.
The orc priest mumbles some strange prayers to Beogh against you.
Pain shoots through your body!
* * * LOW HITPOINT WARNING * * *
You completely miss the orc priest. Your kick misses the orc priest.
The orc priest closely misses you.
You hit the orc priest but do no damage.
Your kick misses the orc priest.
The orc priest mumbles some strange prayers to Beogh against you.
You struggle to resist.
You hit the orc priest.
The orc priest is moderately wounded.
The orc priest calls down the wrath of Beogh upon you.
Pain shoots through your body!
You die...

#.##. ...# #..# .#
#...#####..# #.......#
###.#..## #.# #)# ...
###### ##.###.# # #....#
#...##@# .....# #...##o#
#....# #...+..######.
#....######...#.........
#.............#.########
#....###......#.....#
###### #......#####.#
#......# #.# ###
#..)##.#####.# #.#


You could see an orc priest.

Vanquished Creatures
  Sigmund (D:2)
  Menkaure (D:4)
  An ogre (D:4)
  A centaur (D:2)
  A scorpion (D:4)
  A hound (D:4)
  Crazy Yiuf (D:3)
  Natasha (thrice) (D:2)
  Terence (D:2)
  3 gnolls (D:2)
  6 adders
  A worm (D:2)
  3 dart slugs
  3 leopard geckos
  5 orcs
  6 giant cockroaches (D:1)
  7 hobgoblins
  3 quokkas
  2 ball pythons
  9 bats
  6 frilled lizards
  5 goblins
  6 kobolds
  15 rats
91 creatures vanquished.

Notes
Turn   | Place    | Note
-------+----------+-------------------------------------------
     0 | D:1      | Frank2 the Demonspawn Gladiator began the quest for the
                  | Orb.
     0 | D:1      | Reached XP level 1. HP: 16/16 MP: 1/1
    76 | D:1      | Gained mutation: You have sharp toenails. [demonic
                  | ancestry]
    76 | D:1      | Reached XP level 2. HP: 13/22 MP: 2/2
    81 | D:1      | Reached skill level 3 in Maces & Flails
   445 | D:1      | Reached XP level 3. HP: 27/27 MP: 3/3
   637 | D:2      | Noticed Natasha
   686 | D:2      | Noticed Sigmund
   696 | D:2      | Killed Sigmund
   696 | D:2      | Reached skill level 4 in Maces & Flails
   696 | D:2      | Gained mutation: You are immune to rotting. [demonic
                  | ancestry]
   696 | D:2      | Reached XP level 4. HP: 18/34 MP: 4/4
   696 | D:2      | Gained mutation: You have razor-sharp toenails. [demonic
                  | ancestry]
   696 | D:2      | Reached XP level 5. HP: 21/40 MP: 5/5
   905 | D:2      | Killed Natasha
   905 | D:2      | Reached skill level 1 in Armour
   961 | D:2      | Found a faded altar of an unknown god.
  1038 | D:2      | Noticed Terence
  1050 | D:2      | Killed Terence
  1051 | D:2      | Reached XP level 6. HP: 41/47 MP: 6/6
  1060 | D:2      | Noticed Natasha
  1080 | D:2      | Killed Natasha
  1099 | D:2      | Noticed Natasha
  1108 | D:2      | Killed Natasha
  1333 | D:2      | Reached skill level 5 in Maces & Flails
  1933 | D:3      | Found an opulent altar of Gozag.
  2272 | D:3      | Found a runed translucent door.
  2273 | D:3      | Noticed Crazy Yiuf
  2278 | D:3      | Paralysed by Crazy Yiuf for 2 turns
  2283 | D:3      | Killed Crazy Yiuf
  2372 | D:4      | Noticed Menkaure
  2379 | D:4      | HP: 2/47 [Menkaure (11)]
  2382 | D:4      | Killed Menkaure
  2382 | D:4      | Gained mutation: When hurt, damage is shared between your
                  | health and your magic reserves. [demonic ancestry]
  2382 | D:4      | Reached XP level 7. HP: 3/52 MP: 7/7
  2384 | D:4      | HP: 2/52 [frilled lizard (2)]
  2875 | D:4      | HP: 2/52 [orc/+0 flail (5)]
  2890 | D:4      | Reached skill level 6 in Maces & Flails
  2921 | D:4      | Killed from afar by an orc priest

Levels and vault maps discovered:
D:1:      dpeg_arrival_ratfight, layout_basic, serial_park_tiny_1
D:2:      layout_rooms, first_ration, chequers_ecumenical_altar_island,
          uniq_terence, uniq_natasha, uniq_sigmund
D:3:      layout_rooms, lemuel_statue_altar, uniq_crazy_yiuf_cottage
D:4:      layout_basic, minmay_circle_x, uniq_menkaure

Skill      XL: |  1  2  3  4  5  6  7 |
---------------+----------------------+-----
Maces & Flails | 3 4 5 6 |  6.0
Dodging        | 3 4 |  4.3
Fighting       | 3 |  3.8
Armour         | 1 2 |  2.9
Throwing       | |  1.9

Action                   |  1- 3 |  4- 6 |  7- 9 || total
-------------------------+-------+-------+-------++-------
Melee: Flail             |    81 |   166 |    73 ||   320
       Kick              |     8 |    44 |    20 ||    72
Throw: Throwing net      |     2 |       |       ||     2
  Use: Scroll            |     3 |       |       ||     3
       Potion            |       |     1 |     1 ||     2
 Stab: Held in net/web   |     3 |       |       ||     3
  Eat: Chunk             |       |     5 |     2 ||     7
Armor: Leather armour    |    17 |       |       ||    17
       Ring mail         |    24 |    84 |    14 ||   122
Dodge: Dodged            |    69 |   145 |    47 ||   261
